 Dungeon Crawl Stone Soup version 0.20.1-1-g8b1a95d (webtiles) character file.

336 Knicklaso the Slasher (level 6, -1/51 HPs)
             Began as a Demonspawn Chaos Knight on July 23, 2017.
             Slain by a gnoll
             ... wielding a +0 flail
              (11 damage)
             ... on level 3 of the Dungeon.
             The game lasted 00:05:49 (2796 turns).

Knicklaso the Slasher (Demonspawn Chaos Knight)     Turns: 2796, Time: 00:05:50

Health: -1/51      AC:  5    Str: 16    XL:     6   Next: 28%
Magic:  8/9        EV:  7    Int: 14    God:    Xom [*.....]
Gold:   174        SH:  0    Dex: 14    Spells: 5/5 levels left

rFire    . . .     SeeInvis .   a - +0 falchion (chaos)
rCold    . . .     Gourm    .   (no shield)
rNeg     . . .     Faith    .   b - +2 leather armour
rPois    .         Spirit   .   (helmet restricted)
rElec    .         Reflect  .   (no cloak)
rCorr    .         Harm     .   (no gloves)
MR       +....                  (no boots)
Stlth    +.........             (no amulet)
Regen    0.2/turn               (no ring)
MPRegen  0.2/turn               (no ring)

@: held, slowed, very slow
A: antennae 1, agile 1, magic resistance 1, powered by death 1, strong 1
a: Renounce Religion


You were on level 3 of the Dungeon.
You worshipped Xom.
You were a special plaything of Xom.
You were not hungry.

You visited 1 branch of the dungeon, and saw 3 of its levels.

You collected 174 gold pieces.

Inventory:

Hand Weapons
 a - a +0 falchion of chaos (weapon)
 g - a +1 spear of flaming
Armour
 b - a +2 leather armour (worn)
Scrolls
 d - 4 scrolls of remove curse {unknown}
 e - a scroll of noise {unknown}
 h - a scroll of amnesia {unknown}
 i - 3 scrolls of teleportation {unknown}
 k - 5 scrolls of identify {unknown}
 o - a scroll of recharging {unknown}
 q - a scroll of enchant weapon {unknown}
 r - 2 scrolls of fog {unknown}
Potions
 j - a potion of degeneration {unknown}
 l - 2 potions of ambrosia {unknown}
 m - a potion of berserk rage {unknown}
 n - 2 potions of flight {unknown}
Comestibles
 c - 5 bread rations
 f - a meat ration
 p - 2 royal jellies


   Skills:
 + Level 5.3 Fighting
 * Level 6.1 Long Blades
 + Level 4.1 Armour
 + Level 3.8 Dodging
   Level 4.5 Invocations


You had 5 spell levels left.
You didn't know any spells.

Dungeon Overview and Level Annotations

Branches:
Dungeon (3/15)

Altars:
Cheibriados


Innate Abilities, Weirdness & Mutations

You have a pair of small antennae on your head.
You regenerate a little health from kills.
You are agile. (Dex +2)
You are resistant to hostile enchantments. (MR+)
Your muscles are strong. (Str +2)


Message History

You slash the kobold!
You kill the kobold!
You see here a kobold corpse.
Things that are here:
a grey potion; a gnoll corpse The gnoll hits you with a flail!
You hit the gnoll but do no damage.
The gnoll throws a throwing net.
The throwing net hits you.
You become entangled in the net!
You struggle against the net.
The gnoll hits you with a flail.
You struggle against the net.
The gnoll hits you from afar with a spear of chaos.
You feel your power leaking away. The gnoll hits you with a flail!
* * * LOW HITPOINT WARNING * * *
You struggle against the net.
The gnoll hits you from afar with a spear of chaos.
* * * LOW HITPOINT WARNING * * *
You feel yourself slow down. The gnoll hits you with a flail!
You die...
Xom is highly amused!

#.......## #......#.....# #
#.>.....# ###............# #
#.......# #........(#..### #
#.......# #.........#..# #
#.......# #.........#..# #
#.......# #............#####
##..########........#.......#
#...w....)!........#.......#
#..########@g†.....#........
#..# #.##.#####..#....# ####
#..########g##..............
...#
#..##..(....#########.######
...# #..##.......# #>......
...# #......)....# ########
...####.##.......#
....[...##.......#
...#######.......#


You could see a worm and 2 gnolls.

Vanquished Creatures
  An ice beast (D:3)
  Robin (D:2)
  8 gnolls
  2 adders
  A worm (D:2)
  2 dart slugs
  A leopard gecko (D:3)
  7 bats
  3 giant cockroaches
  14 goblins
  13 hobgoblins
  8 jackals (D:3)
  6 kobolds
  2 quokkas (D:3)
  A ball python (D:3)
  7 frilled lizards
  7 rats
84 creatures vanquished.

Vanquished Creatures (others)
  A gnoll (D:3)
1 creature vanquished.

Grand Total: 85 creatures vanquished

Notes
Turn   | Place    | Note
-------+----------+-------------------------------------------
     0 | D:1      | Knicklaso the Demonspawn Chaos Knight began the quest for the Orb.
     0 | D:1      | Reached XP level 1. HP: 18/18 MP: 1/1
   251 | D:1      | Reached skill level 3 in Long Blades
   251 | D:1      | Reached skill level 1 in Dodging
   251 | D:1      | Gained mutation: You regenerate a little health from kills. [demonic ancestry]
   251 | D:1      | Reached XP level 2. HP: 21/24 MP: 2/2
   661 | D:1      | XOM: silly message
   712 | D:1      | XOM is BORED!
   712 | D:1      | XOM: harmless Hex miscast
   810 | D:1      | XOM: harmless Air miscast
   911 | D:2      | XOM: silly message
   940 | D:2      | XOM: silly message
   944 | D:2      | XOM: potion effect (experience)
   944 | D:2      | Reached skill level 5 in Long Blades
   944 | D:2      | Reached XP level 3. HP: 29/32 MP: 2/6
   945 | D:2      | Gained mutation: You have a pair of small antennae on your head. [demonic ancestry]
   945 | D:2      | Reached XP level 4. HP: 34/38 MP: 2/7
   967 | D:2      | Reached skill level 5 in Fighting
  1204 | D:2      | Noticed Robin
  1219 | D:2      | XOM: confuse monster(s)
  1236 | D:2      | Killed Robin
  1236 | D:2      | Reached XP level 5. HP: 44/44 MP: 8/8
  1252 | D:2      | Found a snail-covered altar of Cheibriados.
  1718 | D:2      | XOM: give mutations
  1718 | D:2      | Gained mutation: You are agile. (Dex +2) [Xom's grace]
  1718 | D:2      | Gained mutation: Your muscles are strong. (Str +2) [Xom's grace]
  1718 | D:2      | Gained mutation: You are resistant to hostile enchantments. (MR+) [Xom's grace]
  1741 | D:2      | XOM: harmless Tloc miscast
  1757 | D:3      | Noticed an ice beast
  1757 | D:3      | a worm changed into an ice beast
  1764 | D:3      | Killed an ice beast
  1764 | D:3      | Reached skill level 6 in Long Blades
  2013 | D:3      | Reached XP level 6. HP: 51/51 MP: 9/9
  2293 | D:3      | XOM: 4-stop teleportation journey
  2503 | D:3      | XOM: severe Conj miscast
  2503 | D:3      | XOM: smoke on damage
  2767 | D:3      | XOM: chaos upgrade
  2796 | D:3      | Slain by a gnoll

Skill      XL: |  1  2  3  4  5  6 |
---------------+-------------------+-----
Long Blades    | 3 5 6 |  6.1
Dodging        | 1 3 |  3.8
Armour         | 3 4 |  4.1
Fighting       | 4 5 |  5.3
Invocations    | 4 |  4.5

Action                   |  1- 3 |  4- 6 || total
-------------------------+-------+-------++-------
Melee: Falchion          |    55 |   199 ||   254
 Stab: Petrified         |       |     3 ||     3
       Sleeping          |       |     1 ||     1
  Eat: Chunk             |       |     6 ||     6
Armor: Leather armour    |    16 |    77 ||    93
Dodge: Dodged            |    30 |   137 ||   167
       Rpst.: Falchion   |     9 |    45 ||    54
